 Dungeon Crawl Stone Soup version 0.27-a0-965-gbf8bb431c4 (webtiles) character file.

Game seed: 4527018804524760234

93 Mgcat the Ogre Mage (level 4, -5/39 HPs)
             Began as an Ogre Fire Elementalist on Apr 12, 2021.
             Slain by a gnoll
             ... wielding a +0 spear
              (9 damage)
             ... on level 2 of the Dungeon.
             The game lasted 00:03:53 (1933 turns).

Mgcat the Ogre Mage (Ogre Fire Elementalist)        Turns: 1933, Time: 00:03:53

Health: -5/39      AC:  3    Str: 12    XL:     4   Next: 61%
Magic:  0/9        EV:  5    Int: 17    God:
Gold:   23         SH:  0    Dex:  9    Spells: 5/10 levels left

rFire    . . .     SeeInvis .   b - +0 dagger
rCold    . . .     Faith    .   (no shield)
rNeg     . . .     Spirit   .   a - +0 robe
rPois    +         Reflect  .   (helmet restricted)
rElec    .         Harm     .   (no cloak)
rCorr    .         Rampage  .   (gloves unavailable)
Will     .....                  (boots unavailable)
Stlth    +.........             (no amulet)
HPRegen  0.13/turn              j - ring of poison resistance {rPois, !d}
MPRegen  0.11/turn              (no ring)

@: held
A: large, unfitting armour, tough skin 1
a: no special abilities


You were on level 2 of the Dungeon.
You visited 1 branch of the dungeon, and saw 2 of its levels.

You collected 23 gold pieces.

Inventory:

Hand Weapons
 b - a +0 dagger (weapon)
   (You took it off a kobold on level 1 of the Dungeon)
Missiles
 e - a throwing net {=f, !d}
Armour
 a - a +0 robe (worn)
Jewellery
 c - an amulet of faith {Faith, !P}
   (You found it on level 1 of the Dungeon)
 j - a ring of poison resistance (left hand) {rPois, !d}
   (You found it on level 1 of the Dungeon)
Wands
 f - a wand of paralysis (8)
   (You found it on level 2 of the Dungeon)
Scrolls
 g - a scroll of enchant weapon {unknown}
Potions
 d - a potion of resistance {unknown}
 i - a potion of flight {unknown}


   Skills:
 - Level 1.7 Dodging
 - Level 1.4 Stealth
 + Level 3.5 Spellcasting
 + Level 2.2 Conjurations
 + Level 3.5 Fire Magic


You had 5 spell levels left.
You knew the following spells:

 Your Spells              Type           Power      Damage    Failure   Level
a - Foxfire               Conj/Fire      48%        2x1d6     4%          1
b - Sticky Flame          Conj/Fire      12%        2d4       45%         4

Your spell library contained the following spells:

 Spells                   Type           Power      Damage    Failure   Level
 Conjure Flame            Conj/Fire      12%        6-21      16%         3
 Inner Flame              Hex/Fire       9%         N/A       24%         3
 Fireball                 Conj/Fire      6%         3d5       80%         5


Dungeon Overview and Level Annotations

Branches:
Dungeon (2/15)

Altars:

Shops:
D:1 (**   D:2 [(**


Innate Abilities, Weirdness & Mutations

You are too large for most types of armour.
You have tough skin. (AC +1)


Message History

Spoiler Alert: The gnoll (ally target) can hit for moderate damage in melee, and throws nets!
Casting: Foxfire (safe; 5% risk of failure)
Confirm with . or Enter, or press ? or * to list all spells.
You conjure some foxfire!
The foxfire hits the gnoll.
The gnoll is moderately wounded.
The foxfire hits the gnoll.
The gnoll is severely wounded.
You now have 5/9 mp.
Warning x3: The gnoll can hit for moderate damage in melee, and throws nets! x2
The gnoll (ally target) can hit for moderate damage in melee, and throws nets!
Casting: Foxfire (safe; 5% risk of failure)
Confirm with . or Enter, or press ? or * to list all spells.
You conjure some foxfire!
The foxfire hits the gnoll.
You kill the gnoll!
The foxfire hits the frilled lizard.
You kill the frilled lizard!
Warning x2: The gnoll can hit for moderate damage in melee, and throws nets! x2
The foxfire hits the gnoll.
The gnoll is moderately wounded.
Casting: Foxfire (safe; 5% risk of failure)
Confirm with . or Enter, or press ? or * to list all spells.
You conjure some foxfire!
The foxfire hits the gnoll.
The gnoll is heavily wounded.
The foxfire hits the gnoll.
The gnoll is severely wounded.
You now have 4/9 mp.
Warning x2: The gnoll can hit for moderate damage in melee, and throws nets! x2
Casting: Foxfire (safe; 5% risk of failure)
Confirm with . or Enter, or press ? or * to list all spells.
You conjure some foxfire!
The foxfire hits the gnoll.
The gnoll is severely wounded.
The foxfire hits the gnoll.
You kill the gnoll!
The gnoll barely misses you.
You now have 3/9 mp.
Spoiler Alert: The gnoll can hit for moderate damage in melee, and throws nets!
Casting: Foxfire (safe; 4% risk of failure)
Confirm with . or Enter, or press ? or * to list all spells.
You conjure some foxfire!
The gnoll hits you from afar with a +0 spear.
The foxfire hits the gnoll but does no damage.
The foxfire hits the gnoll.
The gnoll is lightly wounded.
The gnoll hits you from afar with a +0 spear.
You take 9 damage, and have 30/39 hp.
MASSIVE DAMAGE!!
You now have 2/9 mp.
Spoiler Alert: The gnoll can hit for moderate damage in melee, and throws nets!
Casting: Foxfire (safe; 4% risk of failure)
Confirm with . or Enter, or press ? or * to list all spells.
You conjure some foxfire!
The gnoll hits you from afar with a +0 spear.
The foxfire hits the gnoll.
The gnoll is lightly wounded.
The foxfire hits the gnoll.
The gnoll is lightly wounded.
The gnoll hits you from afar with a +0 spear.
You take 4 damage, and have 26/39 hp.
Spoiler Alert: The gnoll can hit for moderate damage in melee, and throws nets!
Casting: Foxfire (safe; 4% risk of failure)
Confirm with . or Enter, or press ? or * to list all spells.
You conjure some foxfire!
The gnoll hits you from afar with a +0 spear.
The foxfire hits the gnoll.
The gnoll is heavily wounded.
The foxfire hits the gnoll but does no damage.
The gnoll is heavily wounded.
The gnoll hits you from afar with a +0 spear!
You take 12 damage, and have 14/39 hp.
MASSIVE DAMAGE!!
You now have 1/9 mp.
Spoiler Alert: The gnoll can hit for moderate damage in melee, and throws nets!
Casting: Foxfire (safe; 4% risk of failure)
Confirm with . or Enter, or press ? or * to list all spells.
You conjure some foxfire!
The gnoll hits you from afar with a +0 spear.
* * * LOW HITPOINT WARNING * * *
The foxfire hits the gnoll but does no damage.
The gnoll is heavily wounded.
The foxfire hits the gnoll.
The gnoll is almost dead.
The gnoll completely misses you.
You take 3 damage, and have 11/39 hp.
You now have 0/9 mp.
Spoiler Alert: The gnoll can hit for moderate damage in melee, and throws nets!
Casting: Foxfire (safe; 4% risk of failure)
Confirm with . or Enter, or press ? or * to list all spells.
You don't have enough magic to cast this spell.
The gnoll throws a throwing net.
The throwing net hits you.
You become entangled in the net!
You see here a throwing net {=f, !d}.
Spoiler Alert: The gnoll can hit for moderate damage in melee, and throws nets!
You struggle against the net.
You struggle against the net.
The gnoll barely misses you.
You tear a large gash into the net.
The gnoll hits you from afar with a +0 spear!
* * * LOW HITPOINT WARNING * * *
You take 8 damage, and have 4/39 hp.
MASSIVE DAMAGE!!
Spoiler Alert: The gnoll can hit for moderate damage in melee, and throws nets!
Casting: Foxfire (safe; 4% risk of failure)
Confirm with . or Enter, or press ? or * to list all spells.
You conjure some foxfire!
The gnoll hits you from afar with a +0 spear!
You die...

#.#############. #####
#............... ##≈≈≈##
#.############## #≈≈≈≈≈##
#.# #≈≈∩...# #.#
#≈≈≈≈≈.##########.#
##≈≈≈..........##.#
#.......>.....v..#
###.............@########
#.'.............v.......>
#.#.............g########
#.#..............#
#.#............).#
#.#..............#
..#..............#
###............).#
.............).#


You could see a gnoll (ally target).

Vanquished Creatures
  An adder (D:2)
  4 gnolls
  2 ball pythons
  4 endoplasms
  3 giant cockroaches (D:1)
  A goblin (D:1)
  3 hobgoblins (D:1)
  8 jackals (D:1)
  2 quokkas (D:1)
  3 bats (D:1)
  4 frilled lizards
  5 kobolds
  A rat (D:1)
41 creatures vanquished.

Vanquished Creatures (others)
  2 demonic plants (D:2)
  108 foxfires
  4 fungi (D:2)
  2 plants (D:2)
  A withered plant (D:2)
117 creatures vanquished.

Grand Total: 158 creatures vanquished

Notes
Turn   | Place    | Note
-------+----------+-------------------------------------------
     0 | D:1      | Mgcat the Ogre Fire Elementalist began the quest for the
                  | Orb.
     0 | D:1      | Reached XP level 1. HP: 16/16 MP: 3/3
    56 | D:1      | Reached skill level 1 in Conjurations
   146 | D:1      | Found Ezaqestro's Assorted Antiques.
   232 | D:1      | Reached XP level 2. HP: 20/24 MP: 0/5
   493 | D:1      | Found Tepost's Assorted Antiques.
   501 | D:1      | Reached skill level 3 in Fire Magic
   529 | D:1      | Found Gaece's Antique Weapon Boutique.
   636 | D:1      | Reached skill level 3 in Spellcasting
   702 | D:1      | Reached XP level 3. HP: 31/31 MP: 5/7
  1346 | D:2      | Found Onuw's Armour Boutique.
  1433 | D:2      | Found a faded altar of an unknown god.
  1708 | D:2      | Found Leoskum's Weapon Shoppe.
  1817 | D:2      | Reached skill level 2 in Conjurations
  1817 | D:2      | Reached XP level 4. HP: 37/39 MP: 6/9
  1830 | D:2      | Found Yqehuil's General Store.
  1843 | D:2      | Learned a level 4 spell: Sticky Flame
  1902 | D:2      | Found Zuaclu's Assorted Antiques.
  1932 | D:2      | HP: 4/39 [gnoll/+0 spear (8)]
  1933 | D:2      | Slain by a gnoll

Illustrated notes

Levels and vault maps discovered:
D:1:      ebering_trefoil_3fold, layout_basic, serial_shops, shop, shop,
          nicolae_shop_window_shopping, corexii_item_surrounded_by_moat,
          due_unseen_surprise
D:2:      layout_basic, shapermc_ecumenical_altar_gd, serial_shops,
          nicolae_shop_waterfront, nicolae_shop_crystal, shop,
          nicolae_shop_waterfront, shop, minmay_crystal_room, minivault_26

Skill      XL: |  1  2  3 |
---------------+----------+-----
Conjurations   | 1 2 |  2.2
Fire Magic     | 3 |  3.5
Spellcasting   | 3 |  3.5
Dodging        | |  1.7
Stealth        | |  1.4

Action                   |  1- 3 |  4- 6 || total
-------------------------+-------+-------++-------
 Cast: Foxfire           |    61 |    13 ||    74
Armor: Robe              |    17 |       ||    17
Dodge: Dodged            |    32 |     3 ||    35

Table legend: (Time is in decaauts)
 A = Elapsed time spent in this place.
 B = Non-inter-level travel time spent in this place.
 C = Inter-level travel time spent in this place.
 D = Time resting spent in this place.
 E = Time spent auto-exploring this place.
 F = Levels seen in this place.
 G = Mean time per level.
                   A        B        C        D        E       F      G
               +--------+--------+--------+--------+--------+-----+--------+
         Total |   1933 |   1863 |     70 |    191 |   1343 |   2 |  966.5 |
       Dungeon |   1933 |   1863 |     70 |    191 |   1343 |   2 |  966.5 |
               +--------+--------+--------+--------+--------+-----+--------+

Top non-repeatable levels by time:
     D:1: 1532 daAuts
     D:2: 400 daAuts

Table legend:
 A = Kills in this place as a percentage of kills in entire the game.
 B = Kills by you in this place as a percentage of kills by you in the entire game.
 C = Kills by friends in this place as a percentage of kills by friends in the entire game.
 D = Other kills in this place as a percentage of other kills in the entire game.
 E = Experience gained in this place as a percentage of experience gained in the entire game.
 F = Experience gained in this place divided by the number of levels of this place that you have seen.
                   A       B       C       D       E      F
               +-------+-------+-------+-------+-------+----------------------
         Total | 100.0 | 100.0 |   N/A |   N/A | 100.0 |  66.5
       Dungeon | 100.0 | 100.0 |   N/A |   N/A | 100.0 |  66.5
               +-------+-------+-------+-------+-------+----------------------
